 Dungeon Crawl Stone Soup version 0.32-a0-656-g3542139ebd (webtiles) character file.

Game seed: 13078306413869664280

8611 hikkokomori the Cleaver (level 11, -15/114 (129) HPs)
             Began as a Coglin Berserker on Mar 9, 2024.
             Was an Elder of Trog.
             Killed from afar by a laughing skull (19 damage)
             ... with a bolt of negative energy
             ... on level 2 of the Abyss.
             The game lasted 00:25:11 (10301 turns).

hikkokomori the Cleaver (Coglin Berserker)         Turns: 10301, Time: 00:25:12

HP:   -15/114 (129) AC: 11    Str: 23    XL:     11   Next: 33%
MP:   11/11         EV: 11    Int:  6    God:    Trog [****..]
Gold: 417           SH:  0    Dex: 13    Spells: 10/10 levels left

rFire   . . .        D - +2 dagger (speed) {Raúl}
rCold   . . .        F - +1 hand axe (freeze) {Tihomir}
rNeg    . . .        o - +0 swamp dragon scales
rPois   +            p - +1 helmet
rElec   .            (no cloak)
rCorr   .            h - +0 pair of gloves
SInv    .            (no boots)
Will    .....        (amulet unavailable) Stlth
                     (ring unavailable)
HPRegen 0.39/turn    (ring unavailable)
MPRegen 0.12/turn    (no gizmo)

%: no passive effects
@: berserking, about to teleport, heavily drained, very quick
A: off-hand wielding, slow wielding, warmup strikes, no jewellery
a: Invent Gizmo, Renounce Religion, Berserk, Trog's Hand, Brothers in Arms


You were on level 2 of the Abyss.
You worshipped Trog.
Trog was greatly pleased with you.
You visited 1 branch of the dungeon, and saw 9 of its levels.
You visited the Abyss 1 time.

You collected 417 gold pieces.

Inventory:

Hand Weapons
 m - a +2 long sword of flaming
 t - a +0 war axe
 D - a +2 dagger of speed (weapon) {Raúl}
 F - a +1 hand axe of freezing (offhand) {Tihomir}
 P - the +8 dagger of Sunlight {holy, Int+6}
   (You found it on level 6 of the Dungeon)

   Int+6:     It affects your intelligence (+6).
Missiles
 f - 3 throwing nets
 A - 3 javelins (quivered)
 E - a silver javelin
 M - 9 poisoned darts
Armour
 b - a +0 animal skin
 h - a +0 pair of gloves (worn)
 n - a +0 scale mail
 o - +0 swamp dragon scales (worn)
 p - a +1 helmet (worn)
 C - a +0 leather armour of cold resistance
 N - a +0 troll leather armour
Jewellery
 v - the ring "Suxineuf" {Wiz rCorr MP+9 Str-5}
   (You found it on level 3 of the Dungeon)

   [ring of wizardry]

   Wiz:       It improves your spell success rate.
   Str-5:     It affects your strength (-5).
   MP+9:      It affects your magic capacity (+9).
   rCorr:     It protects you from acid and corrosion.
Wands
 a - a wand of digging (4)
 c - a wand of iceblast (2)
 H - a wand of paralysis (21)
Scrolls
 d - 2 scrolls of teleportation
 g - 3 scrolls of fear
 j - a scroll of amnesia {unknown}
 s - 4 scrolls of blinking {unknown}
 w - 2 scrolls of enchant armour {unknown}
 x - a scroll of noise
 y - a scroll of enchant weapon {unknown}
 z - a scroll of acquirement {unknown}
 I - a scroll of poison {unknown}
 K - 3 scrolls of immolation {unknown}
 O - a scroll of silence {unknown}
 Q - a scroll of vulnerability {unknown}
Potions
 e - 5 potions of curing
 i - 2 potions of brilliance
 k - a potion of attraction
 l - a potion of might
 q - a potion of berserk rage
 r - a potion of magic
 u - a potion of lignification
 B - a potion of degeneration {unknown}
 G - 2 potions of mutation {unknown}
 J - a potion of haste
 L - a potion of heal wounds
 R - 2 potions of enlightenment {unknown}


   Skills:
 - Level 8.0 Fighting
 + Level 7.3 Short Blades
 + Level 11.1 Axes
 - Level 2.0 Throwing
 + Level 4.6 Armour
 - Level 2.0 Dodging
 - Level 8.0 Evocations


You had 10 spell levels left.
You didn't know any spells.
Your spell library was empty.

Dungeon Overview and Level Annotations

Branches:
Dungeon (9/15)             Temple (0/1) D:4            Lair (0/5) D:8
    Orc: D:9-12

Altars:
Ashenzari
Elyvilon
Hepliaklqana
Makhleb
Nemelex Xobeh
Qazlal
Sif Muna
Uskayaw
Zin
Beogh

Shops:
D:2 (   D:5 (

Annotations:
D:4 3 runed translucent doors, Dittersdorf's ghost, novice GrFi
D:5 3 runed translucent doors, Vadun's ghost, amateur TrBe
D:9 Erolcha


Innate Abilities, Weirdness & Mutations

You can wield a second weapon in your off-hand.
It takes a long time for you to wield or remove held weapons.
Your first few attacks do less damage.
You cannot equip rings or amulets.


Message History

The laughing skull closely misses you.
The laughing skull lets out a vicious peal of laugher.
The bolt of negative energy hits the thrashing horror.
The thrashing horror completely resists.
The bolt of negative energy hits the laughing skull.
The laughing skull completely resists.
The bolt of negative energy misses you.
The laughing skull headbutts you but does no damage.
A starcursed mass splits.
The laughing skull lets out a vicious peal of laugher.
The bolt of negative energy hits you!
You feel drained. A chorus of shrieks assaults your mind.
A starcursed mass splits.
The laughing skull headbutts you but does no damage.
An ancient zyme comes into view.
You feel yourself growing ill in the presence of the ancient zyme.
A small abomination comes into view.
The laughing skull attacks as it pursues you!
The laughing skull headbutts you but does no damage.
The laughing skull headbutts you but does no damage.
The smoke demon gestures at you. Something smites you!
The laughing skull headbutts you! The laughing skull headbutts you.
The thrashing horror tramples you but does no damage. x2
The smoke demon gestures at you. Something smites you!
* * * LOW HITPOINT WARNING * * *
A red film seems to cover your vision as you go berserk!
You feel yourself moving faster!
You feel mighty!
The laughing skull headbutts you but does no damage.
The thrashing horror barely misses you. The thrashing horror tramples you.
* * * LOW HITPOINT WARNING * * *
You stumble backwards!
The laughing skull cackles spitefully.
The bolt of negative energy hits you!!
You feel drained.
* * * LOW HITPOINT WARNING * * *
You feel a strong urge to attack something.
The laughing skull lets out a vicious peal of laugher.
The bolt of negative energy hits you!!
You feel drained.
You die...
The laughing skull crumbles to pieces from sheer joy.

... ## X.. ..#
##X## ...# .....
######....#
......#.........#
#...X#..@##....#.
#...3'5zX##... #
......#zzx......#
.......#...##....#
..... #...# ...#.
. . #..x.# ..#.
.... #...## ##
.... #...'. .
#####.. .


You could see an ancient zyme, a thrashing horror, a smoke demon, a small
abomination, 3 laughing skulls and an ufetubus.

Vanquished Creatures
  A two-headed ogre (D:7)
  A sun demon (Abyss:2)
  Joseph (D:9)
  Maggie (D:8)
  A komodo dragon (D:8)
  A troll (D:6)
  Grinder (D:6)
  2 hornets
  A shadow (D:9)
  3 yaks (D:7)
  2 wyverns
  2 steam dragons
  Edmund (D:4)
  Grum (D:9)
  A chaos spawn (Abyss:2)
  A water moccasin (D:9)
  Duvessa (D:4)
  2 orc warriors
  3 ice beasts
  2 black bears
  A sky beast (D:8)
  4 wolves (D:9)
  2 ogres
  A small abomination (Abyss:2)
  6 centaurs
  2 kobold brigands
  2 weeping skulls (Abyss:2)
  2 bullfrogs
  A gnoll sergeant (D:9)
  3 scorpions
  3 wights (D:9)
  Dowan (D:4)
  6 killer bees
  2 electric eels (D:6)
  5 howler monkeys (D:9)
  A bombardier beetle (D:3)
  A lava snake (D:7)
  A jelly (D:6)
  4 orc priests
  7 hounds
  An iron imp (D:3)
  3 sleepcaps
  4 iguanas
  Terence (D:2)
  2 orc wizards
  Robin (D:2)
  7 gnolls
  7 adders
  3 shadow imps
  3 white imps
  An ufetubus (Abyss:2)
  A dart slug (D:1)
  13 orcs
  9 bats
  12 endoplasms
  14 goblins
  5 hobgoblins
  4 quokkas
  12 ball pythons
  17 kobolds
  7 rats
211 creatures vanquished.

Vanquished Creatures (others)
  An orc wizard (D:4)
1 creature vanquished.

Grand Total: 212 creatures vanquished

Notes
Turn   | Place    | Note
-------+----------+-------------------------------------------
     0 | D:1      | hikkokomori the Coglin Berserker began the quest for the
                  | Orb.
     0 | D:1      | Reached XP level 1. HP: 18/18 MP: 1/1
   125 | D:1      | Reached XP level 2. HP: 21/24 MP: 2/2
   671 | D:1      | Reached skill level 4 in Axes
   689 | D:1      | Reached XP level 3. HP: 29/29 MP: 3/3
   763 | D:1      | Reached ** piety under Trog
  1352 | D:2      | Noticed Terence
  1367 | D:2      | Killed Terence
  1368 | D:2      | Reached XP level 4. HP: 21/35 MP: 4/4
  1442 | D:2      | Reached skill level 5 in Axes
  1448 | D:2      | Noticed Robin
  1451 | D:2      | Found Wagyicvet's Weapon Boutique.
  1492 | D:2      | Killed Robin
  1881 | D:3      | Identified the ring "Suxineuf" {Wiz rCorr MP+9 Str-5}
  1949 | D:3      | Reached XP level 5. HP: 41/41 MP: 5/5
  2272 | D:3      | Found a burning altar of Makhleb.
  2360 | D:3      | Reached *** piety under Trog
  2361 | D:3      | Reached skill level 6 in Axes
  2520 | D:4      | Reached XP level 6. HP: 44/47 MP: 6/6
  2652 | D:4      | Found a stormy altar of Qazlal.
  2684 | D:4      | Found a staircase to the Ecumenical Temple.
  2722 | D:4      | Reached skill level 7 in Axes
  2741 | D:4      | Found a runed translucent gate.
  2741 | D:4      | Found a runed translucent gate.
  2742 | D:4      | Noticed Dittersdorf's ghost (novice GrFi)
  2743 | D:4      | Found a runed translucent gate.
  2847 | D:4      | Noticed Edmund
  2860 | D:4      | Found a shimmering blue altar of Sif Muna.
  2911 | D:4      | Killed Edmund
  2912 | D:4      | Reached XP level 7. HP: 52/52 MP: 7/7
  3006 | D:4      | Reached skill level 8 in Axes
  3241 | D:4      | Noticed Dowan
  3244 | D:4      | Noticed Duvessa
  3254 | D:4      | Killed Dowan
  3255 | D:4      | Killed Duvessa
  3258 | D:4      | Reached skill level 9 in Axes
  3545 | D:4      | Reached XP level 8. HP: 58/58 MP: 8/8
  3616 | D:5      | Entered Level 5 of the Dungeon
  3749 | D:5      | Found Veghuept's Firing Range.
  3899 | D:5      | Found a runed translucent gate.
  3900 | D:5      | Found a runed translucent gate.
  3908 | D:5      | Reached skill level 5 in Fighting
  3914 | D:5      | Noticed Vadun's ghost (amateur TrBe)
  3916 | D:5      | Found a runed translucent gate.
  3917 | D:5      | Identified the +1 chain mail of Romeahi {*Slow rElec Str+3}
  4719 | D:5      | Found a roughly hewn altar of Beogh.
  4873 | D:6      | Noticed Grinder
  4878 | D:6      | Killed Grinder
  5028 | D:6      | Reached skill level 1 in Evocations
  5032 | D:6      | Reached XP level 9. HP: 71/71 MP: 9/9
  5160 | D:6      | Noticed a troll
  5170 | D:6      | Killed a troll
  5748 | D:6      | Reached skill level 5 in Evocations
  5798 | D:6      | Identified the +8 dagger of Sunlight {holy, Int+6}
  5918 | D:6      | Reached **** piety under Trog
  6389 | D:7      | Reached skill level 1 in Short Blades
  6426 | D:7      | Noticed a hornet
  6434 | D:7      | Killed a hornet
  6548 | D:7      | Reached XP level 10. HP: 26/80 MP: 10/10
  6623 | D:7      | Found a broken altar of Ashenzari.
  6848 | D:7      | Found a hide-covered altar of Uskayaw.
  7252 | D:8      | Noticed a two-headed ogre
  7264 | D:7      | Killed a two-headed ogre
  7265 | D:7      | Reached skill level 5 in Short Blades
  7339 | D:8      | Reached skill level 10 in Axes
  7642 | D:8      | Noticed Maggie
  7662 | D:8      | Killed Maggie
  7907 | D:8      | Found a staircase to the Lair.
  8137 | D:8      | Found a sparkling altar of Nemelex Xobeh.
  8676 | D:9      | Found a hazy altar of Hepliaklqana.
  8687 | D:9      | Found a glowing silver altar of Zin.
  8829 | D:9      | Reached XP level 11. HP: 67/84 MP: 11/11
  9068 | D:9      | Noticed Grum
  9084 | D:9      | Killed Grum
  9484 | D:9      | Noticed Joseph
  9497 | D:9      | Killed Joseph
  9655 | D:9      | Reached skill level 11 in Axes
  9848 | D:9      | Found a white marble altar of Elyvilon.
  9989 | D:9      | Noticed Erolcha
  9989 | Abyss:2  | Cast into level 2 of the Abyss (Erolcha)
 10049 | Abyss:2  | Noticed a sun demon
 10074 | Abyss:2  | Killed a sun demon
 10293 | Abyss:2  | Noticed a starcursed mass
 10293 | Abyss:2  | Noticed a thrashing horror
 10300 | Abyss:2  | HP: 4/120 [laughing skull/bolt of negative energy (22)]
 10301 | Abyss:2  | Killed from afar by a laughing skull

Illustrated notes

Levels and vault maps discovered:
D:1:      minmay_arrival_cross, layout_loops_corners, serial_forest,
          infiniplex_forest_end_2, infiniplex_forest_lined_corner,
          infiniplex_forest_lined_corner, infiniplex_forest_clump_cross,
          infiniplex_forest_clump_curved, infiniplex_forest_diagonal,
          infiniplex_forest_side_room, infiniplex_forest_clump_small,
          minmay_misc_feat_iff, minivault_14, st_stairs_12
D:2:      layout_loops_cross, serial_shops, nicolae_shop_hallway_stairs,
          uniq_terence, uniq_robin
D:3:      layout_basic, demons_altar
D:4:      layout_loops_ring, tgw_sif, nicolae_qazlal_scattered_showers,
          temple_statues, gammafunk_ghost_split, minmay_misc_feat_pillars,
          uniq_edmund, uniq_duvessa
D:5:      layout_basic, biasface_ghost_orc_armoury, nicolae_shop_firing_range,
          uniq_eustachio
D:6:      layout_basic, serial_bayou, serial_bayou_crossing,
          serial_bayou_lagoon_a, serial_bayou_pond_e, serial_bayou_pond_a,
          grunt_ministairs_2, nicolae_concentric_dashed_squares_wild,
          uniq_grinder
D:7:      layout_basic, nicolae_uskayaw_suspiria, nicolae_ashenzari_skybound
D:8:      layout_layer_cave, nemelex_xobeh_ov_fountains_minmay,
          david_lair_shrubbed, uniq_maggie
D:9:      layout_stronghold, lemuel_crystal_altar, general_overflow_altar,
          nicolae_hepliaklqana_hazy_memory, kb_lookout_dungeons_type,
          uniq_joseph, uniq_erolcha, uniq_grum
Abyss:2:  base: D:5, base: D:9, hangedman_abyss_or_decor_lesser_grid,
          spicy_abyss_planar_alliance

Skill      XL: |  1  2  3  4  5  6  7  8  9 10 11 |
---------------+----------------------------------+-----
Axes           | 4 5 6 7 9 10 11 | 11.1
Armour         | 2 3 4 |  4.6
Dodging        | 2 |  2.0
Fighting       | 6 8 |  8.0
Throwing       | 2 |  2.0
Evocations     | 1 8 |  8.0
Short Blades   | 3 6 7 |  7.3

Action                     |  1- 3 |  4- 6 |  7- 9 | 10-12 || total
---------------------------+-------+-------+-------+-------++-------
  Melee: Hand axe          |    86 |   171 |   439 |   258 ||   954
         Dagger            |    77 |       |    43 |   239 ||   359
  Throw: Javelin           |       |       |     1 |       ||     1
 Invoke: Berserk           |       |     2 |     4 |     7 ||    13
         Trog's Hand       |       |       |       |     2 ||     2
  Evoke: Wand              |       |       |     1 |       ||     1
    Use: Scroll            |       |     8 |     2 |     3 ||    13
         Potion            |       |     1 |       |     3 ||     4
   Stab: Sleeping          |     2 |       |       |       ||     2
         Paralysed         |       |       |     6 |       ||     6
 Armour: Animal skin       |    57 |       |       |       ||    57
         Scale mail        |       |    58 |    78 |       ||   136
         Troll leather arm |       |       |    65 |    51 ||   116
         Swamp dragon scal |       |       |       |   136 ||   136
  Dodge: Dodged            |    78 |    53 |   107 |   111 ||   349

Table legend: (Time is in decaauts)
 A = Elapsed time spent in this place.
 B = Non-inter-level travel time spent in this place.
 C = Inter-level travel time spent in this place.
 D = Time resting spent in this place.
 E = Time spent auto-exploring this place.
 F = Levels seen in this place.
 G = Mean time per level.
                   A        B        C        D        E       F      G
               +--------+--------+--------+--------+--------+-----+--------+
         Total |  10302 |  10022 |    280 |    290 |   7853 |  10 | 1030.2 |
       Dungeon |   9998 |   9718 |    280 |    126 |   7853 |   9 | 1110.9 |
         Abyss |    303 |    303 |      0 |    163 |      0 |   1 |  303.0 |
               +--------+--------+--------+--------+--------+-----+--------+

Top non-repeatable levels by time:
     D:9: 1612 daAuts
     D:6: 1470 daAuts
     D:7: 1132 daAuts
     D:5: 1126 daAuts
     D:4: 1119 daAuts
     D:1: 1021 daAuts
     D:8: 1018 daAuts
     D:2: 751 daAuts
     D:3: 746 daAuts
 Abyss:2: 303 daAuts
